Map: [ESL] Alcyone

Players

trigger - Winner!

  • Race: Protoss Protoss
  • Spawn Location: 1:00

DisK

  • Race: Protoss Protoss
  • Spawn Location: 7:00

Event: ESL SC2 Masters 2023 Winter (Regional)

VOD

Have the link to the VOD?

Description

Time

  • Played on: Nov. 9, 2023, 2:50 p.m.
  • Length: 18:29

All games in this series

Show
View Real Time Build Order
Export as new Build Order

trigger Protoss - Winner!

Build Orders:  

Get SALT Encoding   

  12  0:00  Probe  
  13  0:12  Probe  
  14  0:17  Pylon  
  14  0:24  Probe (Chrono Boost)  
  16  0:37  Gateway, Probe (Chrono Boost)  
  16  0:42  Probe (Chrono Boost)  
  16  0:46  Assimilator  
  17  0:51  Probe  
  17  0:54  Assimilator  
  18  1:03  Probe (Chrono Boost)  
  19  1:07  Gateway  
  19  1:12  Probe (Chrono Boost)  
  19  1:17  Probe (Chrono Boost)  
  20  1:24  Cybernetics Core  
  21  1:29  Probe  
  22  1:37  Pylon  
  22  1:41  Probe  
  23  1:57  Probe  
  23  1:59  Warp Gate (Chrono Boost)  
  23  2:01  Stalker x2  
  28  2:16  Pylon  
  28  2:19  Robotics Facility  
  28  2:31  Stalker  
  28  2:34  Stalker  
  31  2:44  Gateway  
  31  3:01  Stalker  
  31  3:04  Stalker  
  35  3:10  Warp Prism (Chrono Boost)  
  37  3:26  Pylon  
  37  3:44  Stalker x3  
  43  3:51  Pylon  
  43  4:16  Probe  
  44  4:18  Sentry, Stalker  
  44  4:20  Immortal (Chrono Boost)  
  52  4:28  Probe  
  53  4:33  Pylon  
  53  4:51  Probe  
  54  5:04  Twilight Council  
  54  5:11  Nexus  
  54  5:21  Sentry  
  54  5:22  Stalker  
  54  5:25  Observer  
  54  5:28  Probe  
  60  5:35  Phoenix  
  60  5:38  Blink (Chrono Boost)  
  60  5:43  Probe  
  60  5:44  Pylon  
  61  5:51  Pylon  
  61  6:00  Pylon  
  61  6:06  Shield Battery, Probe  
  62  6:20  Probe  
  62  6:22  Probe  
  62  6:24  Stalker  
  62  6:25  Phoenix, Stalker  
  68  6:30  Probe  
  68  6:34  Observer  
  69  6:40  Probe  
  69  6:42  Probe  
  71  6:52  Probe  
  72  6:54  Probe  
  72  6:56  Observer  
  73  7:02  Forge  
  73  7:04  Probe  
  73  7:05  Stalker x2  
  73  7:06  Probe, Stalker  
  81  7:09  Phoenix  
  81  7:14  Pylon  
  81  7:20  Probe  
  82  7:25  Nexus  
  82  7:29  Probe  
  83  7:31  Protoss Ground Weapons Level 1 (Chrono Boost)  
  83  7:32  Pylon  
  83  7:39  Assimilator  
  83  7:40  Probe  
  83  7:42  Probe  
  85  7:44  Stalker  
  85  7:48  Stalker  
  89  7:52  Probe  
  89  7:54  Stalker  
  89  7:57  Probe  
  93  8:01  Pylon  
  93  8:05  Probe  
  94  8:10  Stalker  
  94  8:11  Stalker  
  98  8:19  Probe x2  
  100  8:31  Probe x2 (Chrono Boost)  
  102  8:41  Nexus  
  102  8:43  Probe (Chrono Boost)  
  102  8:45  Observer  
  106  8:49  Probe x2 (Chrono Boost)  
  106  8:52  Probe (Chrono Boost)  
  109  8:56  Probe x2 (Chrono Boost)  
  109  8:57  Gateway  
  109  8:58  Pylon  
  109  8:59  Gateway  
  109  9:01  Gateway  
  109  9:04  Probe  
  109  9:07  Probe  
  109  9:08  Assimilator  
  111  9:12  Probe  
  111  9:14  Protoss Ground Weapons Level 2 (Chrono Boost)  
  111  9:15  Pylon  
  112  9:17  Stalker x2  
  112  9:23  Probe  
  117  9:27  Shield Battery  
  117  9:28  Probe  
  117  9:29  Phoenix  
  118  9:36  Probe  
  119  9:39  Probe  
  119  9:42  Probe  
  121  9:48  Gateway, Probe (Chrono Boost), Charge  
  121  9:50  Gateway  
  121  9:52  Dark Shrine  
  123  9:53  Probe (Chrono Boost)  
  123  9:56  Probe (Chrono Boost)  
  123  9:57  Probe (Chrono Boost)  
  125  10:06  Probe (Chrono Boost)  
  125  10:07  Stalker x4  
  131  10:08  Probe (Chrono Boost)  
  131  10:09  Probe (Chrono Boost)  
  131  10:10  Probe (Chrono Boost)  
  131  10:12  Photon Cannon x2  
  137  10:24  Forge  
  137  10:25  Pylon  
  137  10:32  Stalker x6  
  149  10:43  Pylon  
  149  10:44  Nexus, Probe x2  
  149  10:45  Probe  
  152  10:52  Probe  
  152  10:54  Protoss Ground Armor Level 1 (Chrono Boost)  
  152  10:56  Probe  
  154  10:59  Gateway  
  154  11:01  Gateway  
  154  11:02  Shadow Stride (Chrono Boost)  
  154  11:07  Observer  
  154  11:09  Shield Battery  
  154  11:10  Photon Cannon  
  155  11:12  Photon Cannon  
  155  11:13  Dark Templar x3  
  155  11:15  Dark Templar, Pylon  
  164  11:18  Probe x2  
  164  11:20  Probe  
  164  11:22  Unknown  
  166  11:26  Probe  
  166  11:30  Probe  
  166  11:32  Zealot x4  
  165  11:52  Probe  
  156  11:56  Robotics Bay  
  156  11:57  Probe  
  156  11:59  Zealot x8  
  156  12:01  Zealot x2  
  172  12:04  Robotics Facility  
  169  12:16  Shield Battery x2  
  169  12:17  Shield Battery  
  169  12:18  Shield Battery  
  169  12:20  Stalker x7  
  169  12:21  Stalker x2  
  181  12:25  Observer  
  172  12:39  Dark Templar  
  168  12:45  Gravitic Boosters  
  168  12:46  Disruptor  
  168  12:48  Probe x2  
  168  12:49  Probe  
  175  12:52  Observer, Stalker x6  
  170  12:59  Zealot x3  
  170  13:04  Nexus  
  173  13:06  Gateway  
  173  13:09  Gateway  
  173  13:11  Observer  
  173  13:15  Stalker x6  
  185  13:21  Stalker x3  
  191  13:32  Protoss Ground Armor Level 2 (Chrono Boost)  
  191  13:39  Disruptor  
  195  13:50  Probe x2  
  195  13:51  Probe x2  
  185  14:00  Stalker x7  
  187  14:06  Observer, Pylon x2  
  187  14:09  Disruptor  
  191  14:12  Photon Cannon  
  191  14:15  Photon Cannon  
  191  14:16  Photon Cannon  
  191  14:17  Zealot x3  
  191  14:18  Zealot  
  197  14:36  Disruptor  
  174  14:57  Dark Templar x5  
  168  15:05  Zealot x3, Assimilator  
  168  15:06  Zealot x4, Assimilator  
  180  15:08  Disruptor  
  180  15:11  Assimilator  
  180  15:13  Probe x2  
  180  15:14  Shield Battery  
  184  15:23  Photon Cannon  
  184  15:24  Photon Cannon x2  
  184  15:26  Photon Cannon  
  182  15:33  Zealot x11  
  182  15:34  Zealot  
  198  15:38  Assimilator x2  
  180  16:00  Disruptor  
  180  16:02  Zealot x9  
  180  16:03  Zealot x3  
  198  16:06  Protoss Shields Level 1 (Chrono Boost)  
  162  16:33  Stalker x12  
  162  16:39  Disruptor  
  190  16:41  Disruptor  
  192  16:48  Nexus  
  192  16:59  Zealot x4  
  200  17:10  Pylon  
  200  17:14  Pylon  
  200  17:15  Dark Templar, Disruptor  
  200  17:27  Disruptor  
  174  17:49  Zealot x6  
  174  17:50  Zealot x6, Disruptor  
  192  18:12  Zealot x12  
Show
View Real Time Build Order
Export as new Build Order

DisK Protoss 

Build Orders: Blink Stalkers 

Get SALT Encoding   

  12  0:00  Probe  
  13  0:12  Probe  
  14  0:16  Pylon  
  14  0:24  Probe  
  15  0:35  Gateway  
  15  0:36  Probe (Chrono Boost)  
  16  0:45  Probe (Chrono Boost)  
  16  0:46  Assimilator  
  17  0:50  Probe (Chrono Boost)  
  17  0:54  Assimilator  
  18  1:03  Probe (Chrono Boost)  
  19  1:07  Gateway  
  19  1:15  Probe (Chrono Boost)  
  20  1:20  Probe (Chrono Boost)  
  20  1:23  Cybernetics Core  
  21  1:29  Probe  
  22  1:33  Pylon  
  22  1:41  Probe  
  23  1:53  Probe  
  24  1:56  Warp Gate (Chrono Boost)  
  24  1:59  Stalker x2  
  28  2:06  Probe  
  29  2:15  Pylon  
  29  2:40  Sentry  
  29  2:41  Nexus  
  29  2:42  Sentry  
  33  2:48  Shield Battery  
  33  2:51  Probe  
  33  3:02  Twilight Council  
  33  3:04  Probe  
  34  3:10  Sentry  
  36  3:16  Probe  
  36  3:18  Pylon  
  37  3:29  Probe  
  38  3:37  Stalker  
  40  3:41  Stalker  
  40  3:42  Probe  
  43  3:50  Blink (Chrono Boost)  
  43  3:54  Probe  
  43  3:55  Probe  
  45  4:07  Shield Battery  
  45  4:08  Stalker  
  46  4:15  Shield Battery  
  46  4:19  Pylon  
  46  4:26  Stalker  
  48  4:34  Gateway  
  48  4:52  Pylon  
  48  5:01  Gateway  
  48  5:02  Gateway  
  48  5:12  Stalker  
  50  5:15  Pylon  
  50  5:32  Stalker  
  50  5:34  Probe  
  53  5:37  Stalker  
  53  5:38  Phoenix  
  55  5:56  Nexus  
  53  6:00  Pylon  
  53  6:06  Stalker x2  
  53  6:11  Probe  
  58  6:16  Robotics Facility  
  58  6:23  Probe  
  58  6:24  Shield Battery  
  59  6:35  Probe  
  59  6:37  Phoenix  
  60  6:45  Stalker x2  
  64  6:49  Probe  
  65  6:55  Forge  
  65  7:04  Observer, Probe  
  67  7:08  Probe  
  67  7:12  Stalker  
  67  7:13  Stalker  
  72  7:21  Stalker  
  74  7:26  Protoss Ground Weapons Level 1 (Chrono Boost)  
  74  7:31  Shield Battery  
  74  7:32  Probe x2  
  76  7:44  Nexus  
  76  7:47  Observer  
  76  7:49  Pylon  
  77  7:51  Probe  
  77  7:53  Probe  
  77  7:55  Assimilator  
  79  8:02  Stalker  
  81  8:05  Stalker  
  81  8:08  Pylon  
  81  8:11  Probe  
  84  8:19  Shield Battery x2  
  84  8:22  Stalker  
  86  8:27  Stalker  
  88  8:39  Observer  
  88  8:41  Shield Battery  
  88  8:42  Probe x2  
  88  8:44  Stalker x2  
  94  8:54  Robotics Bay  
  95  8:55  Probe (Chrono Boost)  
  95  8:59  Probe (Chrono Boost), Pylon  
  95  9:01  Observer  
  95  9:02  Observer, Probe (Chrono Boost)  
  98  9:08  Pylon  
  100  9:11  Probe (Chrono Boost)  
  100  9:12  Assimilator, Probe (Chrono Boost)  
  100  9:14  Probe (Chrono Boost)  
  100  9:16  Probe (Chrono Boost)  
  101  9:18  Protoss Ground Weapons Level 2 (Chrono Boost), Probe  
  103  9:27  Probe x2  
  105  9:32  Pylon x2  
  103  9:42  Disruptor  
  103  9:43  Observer, Gateway  
  103  9:44  Gateway  
  107  9:47  Assimilator  
  107  9:50  Stalker x2  
  111  9:53  Observer  
  111  9:55  Robotics Facility  
  111  10:01  Photon Cannon  
  111  10:05  Probe x3  
  114  10:10  Stalker x2  
  118  10:15  Stalker  
  118  10:16  Stalker  
  122  10:33  Stalker x2  
  126  10:39  Stalker x3  
  135  10:42  Pylon  
  135  10:43  Disruptor (Chrono Boost), Stalker  
  135  10:48  Pylon  
  137  10:52  Disruptor (Chrono Boost)  
  141  10:57  Photon Cannon  
  141  11:04  Photon Cannon  
  141  11:06  Adept x2  
  141  11:09  Stalker x2  
  141  11:11  Stalker  
  151  11:15  Disruptor (Chrono Boost)  
  155  11:23  Pylon  
  144  11:58  Nexus  
  144  12:01  Stalker x4  
  150  12:03  Protoss Ground Weapons Level 3 (Chrono Boost)  
  150  12:04  Nexus  
  138  12:44  Nexus  
  138  12:46  Disruptor x2  
  146  13:02  Stalker x3  
  146  13:05  Pylon  
  150  13:09  Observer  
  150  13:15  Probe x2  
  150  13:16  Photon Cannon, Pylon  
  152  13:20  Probe  
  153  13:28  Disruptor x2, Probe x2  
  163  13:35  Stalker x2  
  167  13:42  Stalker  
  167  13:48  Observer  
  166  14:01  Stalker  
  166  14:02  Stalker x2  
  172  14:06  Disruptor  
  175  14:17  Probe x3  
  175  14:19  Stalker x3  
  182  14:31  Pylon  
  182  14:34  Pylon  
  174  14:50  Observer x2  
  174  15:04  Stalker x4  
  174  15:07  Nexus  
  182  15:30  Observer x2  
  180  15:41  Photon Cannon  
  180  15:51  Observer  
  181  15:58  Stalker x2  
  181  16:04  Pylon  
  181  16:05  Pylon  
  177  16:32  Stalker x3  
  177  16:33  Stalker x2  
  183  16:42  Observer  
  179  17:00  Zealot x3, Stalker x3  
  189  17:21  Stalker  
  189  17:22  Stalker x2  
  162  17:44  Stalker x3  
Tags
 
Add a new tag
Caveats
  • Supply blocks, unpowered buildings, or Contaminate may cause inaccurate times.
  • Supply counts are checked every 10 seconds.